TOP OF THE 1ST |
Milwaukee (NYP) Brewers batting - Pitching for Tri-City Dust Devils : RHP Jorge Guerrero
|
Pitching: RHP Jorge Guerrero
|
|
Batting: SHB Mitchell Greene
|
0-0: Swinging Strike 0-1: Ball 1-1: Called Strike 1-2: Strikes out swinging
|
Batting: LHB Paul Collins
|
0-0: Called Strike 0-1: Foul Ball, location: 2F 0-2: TRIPLE (Flyball, 89XD, EV 95.6 MPH)
|
Batting: LHB Alfredo de la Cruz
|
0-0: Swinging Strike 0-1: Ball 1-1: Called Strike 1-2: Foul Ball, location: 2F 1-2: Ground out 4-3 (Groundball, 4, EV 80.0 MPH) Paul Collins scores
|
Batting: RHB Skyler Goss
|
0-0: Called Strike 0-1: Swinging Strike 0-2: Ball 1-2: Strikes out looking
|
Top of the 1st over - 1 run, 1 hit, 0 errors, 0 left on base; Milwaukee (NYP) 1 - Tri-City 0 |
BOTTOM OF THE 1ST |
Tri-City Dust Devils batting - Pitching for Milwaukee (NYP) Brewers : RHP Zach Green
|
Pitching: RHP Zach Green
|
|
Batting: RHB Ruben Luis
|
0-0: Called Strike 0-1: Ball 1-1: Ball 2-1: Ball 3-1: Base on Balls
|
Batting: SHB Ryan Brown
|
0-0: Ball 1-0: Swinging Strike 1-1: Foul Ball, location: 2F 1-2: Strikes out swinging
|
Batting: RHB Hector Fernandez
|
0-0: Called Strike 0-1: Fly out, F3 (Popup, 3L, EV 68.8 MPH)
|
Batting: LHB Frank McConnell
|
0-0: Ball 1-0: Ball 2-0: Ball 3-0: Base on Balls Ruben Luis to second
|
Batting: RHB Jaden Scott
|
0-0: Ball 1-0: Foul Ball, location: 2F 1-1: Ball 2-1: Foul Ball, location: 2F 2-2: TRIPLE (Flyball, 9LD, EV 102.5 MPH) Ruben Luis scores Frank McConnell scores
|
Batting: LHB Paul Adams
|
0-0: Ball 1-0: Foul Ball, location: 2F 1-1: Hit by Pitch
|
Batting: RHB Joe Weissman
|
0-0: Called Strike 0-1: Ball 1-1: Called Strike 1-2: Ball 2-2: Strikes out swinging
|
Bottom of the 1st over - 2 runs, 1 hit, 0 errors, 2 left on base; Milwaukee (NYP) 1 - Tri-City 2 |
TOP OF THE 2ND |
Milwaukee (NYP) Brewers batting - Pitching for Tri-City Dust Devils : RHP Jorge Guerrero
|
Batting: LHB Aaron Mobley
|
0-0: Ball 1-0: Called Strike 1-1: Called Strike 1-2: Foul Ball, location: 2F 1-2: Strikes out looking
|
Batting: RHB Brad Wren
|
0-0: Ball 1-0: Foul Ball, location: 2F 1-1: Ball 2-1: Hit by Pitch
|
Batting: RHB Raymond Young
|
0-0: Foul Ball, location: 2F 0-1: Called Strike 0-2: Ball 1-2: Foul Ball, location: 2F 1-2: Foul Ball, location: 2F 1-2: SINGLE (Line Drive, 8LS, EV 110.6 MPH) Brad Wren to second
|
Batting: RHB Derek Halliwill
|
0-0: Ball 1-0: Foul Ball, location: 2F 1-1: Foul Ball, location: 2F 1-2: Ball Wild Pitch! Brad Wren to third Raymond Young to second 2-2: Ball 3-2: Foul Ball, location: 2F 3-2: Strikes out swinging
|
Batting: SHB Adam Slade
|
0-0: Foul Ball, location: 2F 0-1: Ball 1-1: Fly out, F8 (Flyball, 8RS, EV 92.5 MPH)
|
Top of the 2nd over - 0 runs, 1 hit, 0 errors, 2 left on base; Milwaukee (NYP) 1 - Tri-City 2 |
BOTTOM OF THE 2ND |
Tri-City Dust Devils batting - Pitching for Milwaukee (NYP) Brewers : RHP Zach Green
|
Batting: RHB Bryan Pitcher
|
0-0: Swinging Strike 0-1: Called Strike 0-2: Fly out, F7 (Flyball, 7LM, EV 78.1 MPH)
|
Batting: LHB Roger Duque
|
0-0: Ball 1-0: Called Strike 1-1: Foul Ball, location: 2F 1-2: Ball 2-2: Strikes out swinging
|
Batting: RHB Ruben Luis
|
0-0: Swinging Strike 0-1: Ball 1-1: Fly out, F8 (Line Drive, 8LD, EV 98.1 MPH)
|
Bottom of the 2nd over - 0 runs, 0 hits, 0 errors, 0 left on base; Milwaukee (NYP) 1 - Tri-City 2 |
TOP OF THE 3RD |
Milwaukee (NYP) Brewers batting - Pitching for Tri-City Dust Devils : RHP Jorge Guerrero
|
Batting: SHB Mitchell Greene
|
0-0: Swinging Strike 0-1: Bunt missed! 0-2: Fly out, F5 (Line Drive, 5, EV 62.5 MPH)
|
Batting: LHB Paul Collins
|
0-0: Foul Ball, location: 2F 0-1: Swinging Strike 0-2: Strikes out swinging
|
Batting: LHB Alfredo de la Cruz
|
0-0: Ball 1-0: SINGLE (Line Drive, 56D, EV 93.8 MPH)
|
Batting: RHB Skyler Goss
|
0-0: Called Strike 0-1: Called Strike 0-2: Ball 1-2: Fielders Choice at 2nd, U4 (Groundball, 4M, EV 87.5 MPH)
|
Top of the 3rd over - 0 runs, 1 hit, 0 errors, 1 left on base; Milwaukee (NYP) 1 - Tri-City 2 |
BOTTOM OF THE 3RD |
Tri-City Dust Devils batting - Pitching for Milwaukee (NYP) Brewers : RHP Zach Green
|
Batting: SHB Ryan Brown
|
0-0: Swinging Strike 0-1: Ball 1-1: Foul Ball, location: 2F 1-2: Ball 2-2: Ball 3-2: TRIPLE (Flyball, 8RXD, EV 105.0 MPH)
|
Batting: RHB Hector Fernandez
|
0-0: Fly out, F3 (Popup, 3SF, EV 63.1 MPH)
|
Batting: LHB Frank McConnell
|
0-0: Ball 1-0: Ground out 4-3 (Groundball, 4, EV 87.5 MPH) Ryan Brown scores
|
Batting: RHB Jaden Scott
|
0-0: Fly out, F9 (Line Drive, 9, EV 90.0 MPH)
|
Bottom of the 3rd over - 1 run, 1 hit, 0 errors, 0 left on base; Milwaukee (NYP) 1 - Tri-City 3 |
TOP OF THE 4TH |
Milwaukee (NYP) Brewers batting - Pitching for Tri-City Dust Devils : RHP Jorge Guerrero
|
Batting: LHB Aaron Mobley
|
0-0: Called Strike 0-1: Ball 1-1: Ball 2-1: Swinging Strike 2-2: Strikes out looking
|
Batting: RHB Brad Wren
|
0-0: Called Strike 0-1: SINGLE (Groundball, 34D, EV 100.6 MPH)
|
Batting: RHB Raymond Young
|
0-0: Ball 1-0: Called Strike 1-1: Ball 2-1: Swinging Strike 2-2: Strikes out swinging
|
Batting: RHB Derek Halliwill
|
0-0: Ball 1-0: Called Strike 1-1: Foul Ball, location: 2F 1-2: Strikes out swinging
|
Top of the 4th over - 0 runs, 1 hit, 0 errors, 1 left on base; Milwaukee (NYP) 1 - Tri-City 3 |
BOTTOM OF THE 4TH |
Tri-City Dust Devils batting - Pitching for Milwaukee (NYP) Brewers : RHP Zach Green
|
Batting: LHB Paul Adams
|
0-0: Ball 1-0: Ball 2-0: Ball 3-0: Base on Balls
|
Batting: RHB Joe Weissman
|
0-0: Ball 1-0: Ball 2-0: Foul Ball, location: 2F 2-1: Fly out, F1 (Line Drive, P, EV 76.9 MPH)
|
Batting: RHB Bryan Pitcher
|
Pickoff Throw to First - Error! E1 Paul Adams to second 0-0: Ball 1-0: Ball 2-0: Swinging Strike 2-1: Fly out, F5 (Popup, 5SF, EV 81.9 MPH)
|
Batting: LHB Roger Duque
|
0-0: Called Strike 0-1: Ball 1-1: Ball 2-1: Swinging Strike 2-2: Ball 3-2: Foul Ball, location: 2F 3-2: Base on Balls
|
Batting: RHB Ruben Luis
|
0-0: Called Strike 0-1: Ball 1-1: Called Strike 1-2: Strikes out swinging
|
Bottom of the 4th over - 0 runs, 0 hits, 1 error, 2 left on base; Milwaukee (NYP) 1 - Tri-City 3 |
TOP OF THE 5TH |
Milwaukee (NYP) Brewers batting - Pitching for Tri-City Dust Devils : RHP Jorge Guerrero
|
Batting: SHB Adam Slade
|
0-0: Ball 1-0: Called Strike 1-1: Ball 2-1: Ground out 4-3 (Groundball, 4, EV 87.5 MPH)
|
Batting: SHB Mitchell Greene
|
0-0: Ball 1-0: Ball 2-0: DOUBLE (Flyball, 7LD, EV 107.5 MPH)
|
Batting: LHB Paul Collins
|
0-0: Called Strike 0-1: Foul Ball, location: 2F 0-2: Fly out, F9 (Flyball, 89M, EV 90.0 MPH)
|
Batting: LHB Alfredo de la Cruz
|
0-0: Foul Ball, location: 2F 0-1: Foul Ball, location: 2F 0-2: SINGLE (Groundball, 4S, EV 70.6 MPH) (infield hit) Mitchell Greene to third
|
Batting: RHB Skyler Goss
|
0-0: Ball Alfredo de la Cruz steals 2nd base (no throw) 1-0: Ball 2-0: Ball 3-0: Base on Balls
|
Batting: LHB Aaron Mobley
|
0-0: Called Strike 0-1: DOUBLE (Flyball, 78D, EV 112.5 MPH) Mitchell Greene scores Alfredo de la Cruz scores Skyler Goss to third Runner from 3rd tries for Home, SAFE, no throw by LF
|
Batting: RHB Brad Wren
|
0-0: Ball 1-0: Ball 2-0: Ball 3-0: Base on Balls
|
Batting: RHB Raymond Young
|
0-0: Ball 1-0: Ball 2-0: Ground out 5-3 (Groundball, 5S, EV 70.6 MPH)
|
Top of the 5th over - 3 runs, 3 hits, 0 errors, 2 left on base; Milwaukee (NYP) 4 - Tri-City 3 |
BOTTOM OF THE 5TH |
Tri-City Dust Devils batting - Pitching for Milwaukee (NYP) Brewers : RHP Zach Green
|
Batting: SHB Ryan Brown
|
0-0: Swinging Strike 0-1: Swinging Strike 0-2: Foul Ball, location: 2F 0-2: Ball 1-2: Strikes out looking
|
Pitching: RHP Justin Orr
|
|
Batting: RHB Hector Fernandez
|
0-0: Ground out 6-3 (Groundball, 6S, EV 67.5 MPH)
|
Batting: LHB Frank McConnell
|
0-0: Called Strike 0-1: Foul Ball, location: 2F 0-2: Ground out U3 (Groundball, 3L, EV 93.1 MPH)
|
Bottom of the 5th over - 0 runs, 0 hits, 0 errors, 0 left on base; Milwaukee (NYP) 4 - Tri-City 3 |
TOP OF THE 6TH |
Milwaukee (NYP) Brewers batting - Pitching for Tri-City Dust Devils : RHP Jorge Guerrero
|
Batting: RHB Derek Halliwill
|
0-0: Ball 1-0: Ball 2-0: SINGLE (Line Drive, 34, EV 103.1 MPH)
|
Batting: SHB Adam Slade
|
0-0: Swinging Strike 0-1: Ball 1-1: Ball 2-1: Swinging Strike 2-2: Strikes out swinging
|
Batting: SHB Mitchell Greene
|
0-0: Ball Derek Halliwill is caught stealing 2nd base 2-6 1-0: Called Strike 1-1: Ball 2-1: Ball 3-1: Swinging Strike 3-2: Strikes out swinging
|
Top of the 6th over - 0 runs, 1 hit, 0 errors, 0 left on base; Milwaukee (NYP) 4 - Tri-City 3 |
BOTTOM OF THE 6TH |
Tri-City Dust Devils batting - Pitching for Milwaukee (NYP) Brewers : RHP Justin Orr
|
Batting: RHB Jaden Scott
|
0-0: Called Strike 0-1: Called Strike 0-2: Ball 1-2: Strikes out swinging
|
Batting: LHB Paul Adams
|
0-0: Ball 1-0: Ball 2-0: Fly out, F9 (Line Drive, 9, EV 88.1 MPH)
|
Batting: RHB Joe Weissman
|
0-0: Ball 1-0: Ball 2-0: Called Strike 2-1: Ball 3-1: Swinging Strike 3-2: Base on Balls
|
Batting: RHB Bryan Pitcher
|
0-0: Foul Ball, location: 2F 0-1: Foul Ball, location: 2F 0-2: Fly out, F9 (Line Drive, 9, EV 91.3 MPH)
|
Bottom of the 6th over - 0 runs, 0 hits, 0 errors, 1 left on base; Milwaukee (NYP) 4 - Tri-City 3 |
TOP OF THE 7TH |
Milwaukee (NYP) Brewers batting - Pitching for Tri-City Dust Devils : RHP Jorge Guerrero
|
Pitching: LHP Juan Munoz
|
|
Batting: LHB Paul Collins
|
0-0: Called Strike 0-1: Ball 1-1: Swinging Strike 1-2: Foul Ball, location: 2F 1-2: Strikes out swinging
|
Batting: LHB Alfredo de la Cruz
|
0-0: Ball 1-0: Swinging Strike 1-1: Ball 2-1: Foul Ball, location: 2F 2-2: Foul Ball, location: 2F 2-2: Strikes out swinging
|
Pitching: RHP Eric Teixeira
|
|
Batting: RHB Skyler Goss
|
0-0: Foul Ball, location: 2F 0-1: Foul Ball, location: 2F 0-2: Strikes out swinging
|
Top of the 7th over - 0 runs, 0 hits, 0 errors, 0 left on base; Milwaukee (NYP) 4 - Tri-City 3 |
BOTTOM OF THE 7TH |
Tri-City Dust Devils batting - Pitching for Milwaukee (NYP) Brewers : RHP Justin Orr
|
Pitching: RHP Dan Patino
|
|
Batting: LHB Roger Duque
|
0-0: Called Strike 0-1: Swinging Strike 0-2: Ball 1-2: Hit by Pitch
|
Batting: RHB Ruben Luis
|
0-0: Ball 1-0: Sac Bunt to 25 - play at first, batter OUT! 5-4 Roger Duque to second
|
Batting: SHB Ryan Brown
|
0-0: Ball 1-0: Ground out U3 (Groundball, 34S, EV 83.1 MPH) Roger Duque to third
|
Batting: RHB Hector Fernandez
|
0-0: Ball 1-0: Called Strike 1-1: Called Strike 1-2: Strikes out looking
|
Bottom of the 7th over - 0 runs, 0 hits, 0 errors, 1 left on base; Milwaukee (NYP) 4 - Tri-City 3 |
TOP OF THE 8TH |
Milwaukee (NYP) Brewers batting - Pitching for Tri-City Dust Devils : RHP Eric Teixeira
|
Batting: LHB Aaron Mobley
|
0-0: Called Strike 0-1: Called Strike 0-2: Ground out 4-3 (Groundball, 34, EV 89.4 MPH)
|
Batting: RHB Brad Wren
|
0-0: Called Strike 0-1: Ball 1-1: Ball 2-1: Foul Ball, location: 2F 2-2: Ball 3-2: Strikes out swinging
|
Batting: RHB Raymond Young
|
0-0: Called Strike 0-1: Fly out, F9 (Flyball, 9LS, EV 83.1 MPH)
|
Top of the 8th over - 0 runs, 0 hits, 0 errors, 0 left on base; Milwaukee (NYP) 4 - Tri-City 3 |
BOTTOM OF THE 8TH |
Tri-City Dust Devils batting - Pitching for Milwaukee (NYP) Brewers : RHP Dan Patino
|
Pitching: LHP Paul Schumacher
|
|
Batting: LHB Frank McConnell
|
0-0: Called Strike 0-1: Foul Ball, location: 2F 0-2: Foul Ball, location: 2F 0-2: Foul Ball, location: 2F 0-2: Ball 1-2: Ball 2-2: Fly out, F9 (Flyball, 9S, EV 83.1 MPH)
|
Batting: RHB Jaden Scott
|
0-0: Ball 1-0: DOUBLE (Flyball, 78XD, EV 94.4 MPH)
|
Batting: LHB Paul Adams
|
0-0: Ball 1-0: Called Strike 1-1: Ball Passed Ball! Jaden Scott to third 2-1: Foul Ball, location: 2F 2-2: Strikes out swinging
|
Pitching: RHP Julian Urbina
|
|
Batting: RHB Joe Weissman
|
0-0: Foul Ball, location: 2F 0-1: Foul Ball, location: 2F 0-2: Strikes out swinging
|
Bottom of the 8th over - 0 runs, 1 hit, 0 errors, 1 left on base; Milwaukee (NYP) 4 - Tri-City 3 |
TOP OF THE 9TH |
Milwaukee (NYP) Brewers batting - Pitching for Tri-City Dust Devils : RHP Eric Teixeira
|
Pitching: RHP Josh Smith
|
|
Batting: RHB Derek Halliwill
|
0-0: Ball 1-0: Reached on error, E6 (Groundball, 6, EV 105.6 MPH)
|
Batting: SHB Adam Slade
|
0-0: Ball 1-0: Foul Ball, location: 2F 1-1: Swinging Strike 1-2: Ball 2-2: Ball 3-2: Reached on error, E6 (Groundball, 6M, EV 98.8 MPH) Derek Halliwill to third
|
Batting: SHB Mitchell Greene
|
0-0: Fly out, F8 (Flyball, 8LS, EV 81.9 MPH)
|
Batting: LHB Paul Collins
|
0-0: Ball 1-0: Fly out, F9 (Flyball, 89S, EV 74.4 MPH)
|
Batting: LHB Alfredo de la Cruz
|
Pickoff Throw to First - Out! 1-3
|
Top of the 9th over - 0 runs, 0 hits, 2 errors, 1 left on base; Milwaukee (NYP) 4 - Tri-City 3 |
BOTTOM OF THE 9TH |
Tri-City Dust Devils batting - Pitching for Milwaukee (NYP) Brewers : RHP Julian Urbina
|
Batting: RHB Bryan Pitcher
|
0-0: Ball 1-0: Ball 2-0: Called Strike 2-1: Ball 3-1: Swinging Strike 3-2: Base on Balls
|
Batting: LHB Roger Duque
|
0-0: Ball 1-0: Ball 2-0: Called Strike 2-1: Ball 3-1: Base on Balls Bryan Pitcher to second
|
Batting: RHB Ruben Luis
|
0-0: Sac Bunt to 2L - play at first, batter OUT! 2-4 Bryan Pitcher to third Roger Duque to second
|
Batting: SHB Ryan Brown
|
0-0: Fly out, F7 (Flyball, 7LM, EV 90.0 MPH)
|
Batting: RHB Hector Fernandez
|
0-0: Swinging Strike 0-1: SINGLE (Line Drive, 6D, EV 105.6 MPH) Bryan Pitcher scores Roger Duque to third Runner from 3rd tries for Home, SAFE, throw by LF to home
|
Bottom of the 9th over - 2 runs, 1 hit, 0 errors, 0 left on base; Milwaukee (NYP) 4 - Tri-City 5 |
GAME OVER ... TRI |
City defeats Milwaukee (NYP), 5 to 4
|
|
|